[Event "Early-Titled-Tuesday-Blitz-July-09-2024"]
[Site "Chess.com"]
[Date "2024.07.09"]
[Round "3"]
[White "DanylaBagrov"]
[Black "madmax011"]
[Result "1-0"]
[WhiteElo "2601"]
[BlackElo "2377"]
[TimeControl "180+1"]
[EndTime "8:28:33 PDT"]
[Termination "DanylaBagrov won by resignation"]

1. e4 c5 2. Nf3 d6 3. Bb5+ Nd7 4.
O-O g6 5. c3 Bg7 6. d4 a6 7.
Bd3 Ngf6 8. e5 dxe5 9. dxe5 Ng8 10. e6 fxe6 11. Re1 Ngf6 12. Ng5 Nb6 13. Qc2 O-O 14. Be3 c4 15. Bf1 Nbd5 16. Bd4 b5 17. a4 Bd7 18.
Nxe6 Bxe6 19. Rxe6 Qc7 20. g3 Ng4 21. Qd1 Qd7 22. Qxg4 Nf6 23. Qe2 bxa4 24. Rxe7 Qb5 25. Qxc4+ Qxc4 26. Bxc4+ Kh8 27. Rxa4 Rae8 28. Rxe8 Rxe8 29.
Rxa6 Re1+ 30. Kg2 Rxb1 31. Ra8+ 1-0

[Event "Early-Titled-Tuesday-Blitz-July-09-2024"]
[Site "Chess.com"]
[Date "2024.07.09"]
[Round "3"]
[White "esskeettit"]
[Black "SuperGPatzer"]
[Result "1-0"]
[WhiteElo "2539"]
[BlackElo "2149"]
[TimeControl "180+1"]
[EndTime "8:28:34 PDT"]
[Termination "esskeettit won by resignation"]

1. d4 c5 2. c4 cxd4 3. Qxd4 Nc6 4. Qd1 Nf6 5. Nf3 d5 6. e3 e5 7. Nc3 Bb4 8. cxd5 Nxd5 9. Bd2 Nxc3 10. bxc3 Bd6 11.
Be2 O-O 12. O-O Be6 13. Qa4 h6 14. Rfd1 Qc7 15. h3 Rfd8 16. Qh4 Be7 17. Qa4 Rac8 18.
Be1 a6 19. c4 e4 20. Nd4 Nxd4 21. exd4 Bxc4 22. Ba5 Qc6 23. Qxc6 Rxc6 24. Bxd8 Bxd8 25.
Bxc4 Rxc4 26. Rac1 Rxc1 27. Rxc1 Kf8 28. Kf1 Ke7 29.
Ke2 Bb6 30. Ke3 f5 31. g3 g6 32. Rb1 Bc7 33. Rxb7 Kd6 34. Ra7 1-0

[Event "Early-Titled-Tuesday-Blitz-July-09-2024"]
[Site "Chess.com"]
[Date "2024.07.09"]
[Round "3"]
[White "tarno17"]
[Black "ural58"]
[Result "0-1"]
[WhiteElo "2184"]
[BlackElo "2417"]
[TimeControl "180+1"]
[EndTime "8:28:34 PDT"]
[Termination "ural58 won on time"]

1. e4 d5 2. exd5 Qxd5 3. Nc3 Qa5 4. Nf3 Nc6 5. d4 Bg4 6. h3 Bh5 7. g4 Bg6 8. Bd2 O-O-O 9. Nb5 Qb6 10. a4 a5 11. Be3 Nb4 12. d5 Nxc2+ 13. Qxc2 Qxe3+ 14. fxe3 Bxc2 15. Rc1 Bxa4 16. Nxc7 Kb8 17. Ne5 Nh6 18. Nb5 Rxd5 19. Nc3 Rxe5 20. Nxa4 Rxe3+ 21. Kf2 Re4 22. Nb6 Rb4 23. Rc8+ Ka7 24. Nd5 Rxb2+ 25. Kg3 e6 26.
Nc3 Bd6+ 27. Kh4 Rxc8 0-1

[Event "Early-Titled-Tuesday-Blitz-July-09-2024"]
[Site "Chess.com"]
[Date "2024.07.09"]
[Round "3"]
[White "esrosenberg"]
[Black "Silent-Killer100"]
[Result "0-1"]
[WhiteElo "2321"]
[BlackElo "2525"]
[TimeControl "180+1"]
[EndTime "8:28:35 PDT"]
[Termination "Silent-Killer100 won by resignation"]

1. e4 c6 2. Nf3 d5 3. d3 dxe4 4. dxe4 Qxd1+ 5. Kxd1 Bg4 6. Nd2 e5 7. Be2 Nd7 8. Ne1 Bxe2+ 9. Kxe2 Ngf6 10. f3 Bc5 11.
Nd3 Bb6 12. Nc4 Bc7 13. a4 b5 14. Ne3 a5 15. Bd2 O-O 16. Nf5 Rfe8 17. h4 b4 18.
h5 g6 19. hxg6 hxg6 20. Nh6+ Kg7 21. b3 Bb6 22. g4 Rh8 23. Nb2 Nf8 24. Nc4 Bd4 25.
Raf1 Ne6 26. Nd6 Ra7 27. Nhxf7 Rxh1 28. Rxh1 Rxf7 29. Nxf7 Kxf7 30. Rh8 Ne8 31. Rh7+ N6g7 32. Rh1 Ne6 33. Rh7+ N8g7 34. Rh8 Nf8 35. Rh6 Nge6 36.
Rh8 Kg7 37. Rh1 Kf7 38. Rh8 Bc5 39. Bh6 Nd4+ 40. Kd1 Nxf3 41. Bxf8 Bxf8 42. Rh7+ Bg7 43. Rh3 Ng5 44. Rd3 Ke7 45. Re3 Ne6 46. Ke2 Bh6 47. Kd3 Bxe3 0-1

[Event "Early-Titled-Tuesday-Blitz-July-09-2024"]
[Site "Chess.com"]
[Date "2024.07.09"]
[Round "3"]
[White "Timerkhanov"]
[Black "Rosh1610"]
[Result "1-0"]
[WhiteElo "2686"]
[BlackElo "2463"]
[TimeControl "180+1"]
[EndTime "8:28:37 PDT"]
[Termination "Timerkhanov won by checkmate"]

1. d4 Nf6 2. Bg5 d5 3. Nd2 c5 4. dxc5 Nc6 5. a3 e5 6. b4 a5 7.
c3 axb4 8. axb4 Rxa1 9. Qxa1 h6 10. Bxf6 Qxf6 11. e3 Be7 12. Ngf3 O-O 13. Bb5 Bd7 14. O-O g5 15. Bxc6 Bxc6 16. c4 dxc4 17. Nxe5 Bb5 18.
Nexc4 Qe6 19. Rc1 Rd8 20. Qc3 Bf6 21. Qc2 Bg7 22. Nd6 Bc6 23. b5 Rxd6 24. cxd6 Bxb5 25. Qc8+ Bf8 26. Qxe6 fxe6 27. Ne4 Bc6 28. d7 Be7 29. Nd6 Bxd7 30. Rc7 Bxd6 31. Rxd7 Be5 32. Rxb7 Bf6 33.
g3 e5 34. Kg2 g4 35. h3 gxh3+ 36.
Kxh3 Bg7 37. Kg4 Kh7 38. Kh5 e4 39. Re7 Kg8 40. Kg6 Bc3 41. Re8# 1-0

[Event "Early-Titled-Tuesday-Blitz-July-09-2024"]
[Site "Chess.com"]
[Date "2024.07.09"]
[Round "3"]
[White "Alex_Banzea"]
[Black "ilqar_74"]
[Result "0-1"]
[WhiteElo "2701"]
[BlackElo "2908"]
[TimeControl "180+1"]
[EndTime "8:28:38 PDT"]
[Termination "ilqar_74 won by resignation"]

1. d4 Nf6 2. Nc3 d5 3. Bf4 e6 4.
e3 c5 5. Nb5 Na6 6. c3 Be7 7.
Bd3 O-O 8. Nf3 Bd7 9. a4 Ne4 10. Ne5 Be8 11. h4 f5 12. g3 Nf6 13. g4 Ne4 14. g5 c4 15. Bc2 Bf7 16. f3 Nd6 17. Nxd6 Bxd6 18. Qe2 Bh5 19. Qg2 Nc7 20. Qg3 Qe8 21.
Kd2 b5 22. axb5 Qxb5 23. Ng6 Bxg6 24. Bxd6 f4 25. Bxf4 Qxb2 26. Rhc1 Bxc2 27. Rxc2 Qxa1 28. Bxc7 Qf1 29. Bf4 a5 30. h5 a4 31. h6 g6 32.
Qg4 Rf5 33. Qg3 a3 34. Qe1 0-1

[Event "Early-Titled-Tuesday-Blitz-July-09-2024"]
[Site "Chess.com"]
[Date "2024.07.09"]
[Round "3"]
[White "2Coaches1Profile"]
[Black "Chessgod9oninsta"]
[Result "1-0"]
[WhiteElo "2578"]
[BlackElo "2785"]
[TimeControl "180+1"]
[EndTime "8:28:38 PDT"]
[Termination "2Coaches1Profile won by resignation"]

1. e4 e5 2. Nc3 Nc6 3. Bc4 Nf6 4.
d3 Bb4 5. Ne2 d5 6. exd5 Nxd5 7.
O-O Be6 8. Bd2 O-O 9. Nxd5 Bxd5 10. Bxd5 Qxd5 11. Bxb4 Nxb4 12. Qd2 Nc6 13. Nc3 Qd7 14. Rae1 Rfe8 15. Kh1 Rad8 16. f4 f6 17. h3 exf4 18. Qxf4 Nd4 19. Qf2 c5 20. Ne4 b6 21. Qg3 Kh8 22.
c3 Nc6 23. Re3 Ne5 24. Rxf6 Nxd3 25. Rd6 Qf5 26. Rexd3 Rxd6 27. Nxd6 Qf1+ 28. Kh2 Re1 29. Nf7+ Kg8 30. Nh6+ Kf8 31. Rf3+ 1-0

[Event "Early-Titled-Tuesday-Blitz-July-09-2024"]
[Site "Chess.com"]
[Date "2024.07.09"]
[Round "3"]
[White "Stanbad1"]
[Black "JavierRuizVazquez"]
[Result "0-1"]
[WhiteElo "2592"]
[BlackElo "2402"]
[TimeControl "180+1"]
[EndTime "8:28:38 PDT"]
[Termination "JavierRuizVazquez won by resignation"]

1. d4 Nf6 2. Nc3 d5 3. Bf4 Bf5 4. e3 e6 5. Nf3 Bb4 6. Bd3 Ne4 7.
O-O Bxc3 8. bxc3 Nxc3 9. Qe1 Ne4 10. Qb4 b6 11. c4 Nd7 12. cxd5 exd5 13. Rfc1 c5 14. dxc5 bxc5 15. Qa4 O-O 16. Rab1 c4 17.
Nd4 Ndc5 18. Qa3 Nxd3 19. Nxf5 Nxc1 20. Rxc1 Qf6 21. Ne7+ Kh8 22. Nxd5 Qd8 23. Rd1 Qh4 24. g3 Qh5 25. Rd4 Qf3 26. Qb2 Rad8 27. Qc2 Rxd5 28.
Rxd5 Nxg3 29. Bxg3 Qxd5 30. Qc3 Rd8 31. Be5 Qd1+ 32. Kg2 Qg4+ 33. Bg3 Qe4+ 34. f3 Qd3 35. Qa5 Qd2+ 36. Qxd2 Rxd2+ 37. Kh3 c3 38. Be5 c2 39.
Bb2 Rd1 40. e4 c1=Q 41. Bxc1 Rxc1 42. f4 f6 0-1

[Event "Early-Titled-Tuesday-Blitz-July-09-2024"]
[Site "Chess.com"]
[Date "2024.07.09"]
[Round "3"]
[White "Shankland"]
[Black "HelenaWalker2912"]
[Result "1-0"]
[WhiteElo "2876"]
[BlackElo "2511"]
[TimeControl "180+1"]
[EndTime "8:28:41 PDT"]
[Termination "Shankland won by resignation"]

1. e4 c6 2. d4 d5 3. e5 Bf5 4. Nf3 e6 5. Be2 Nd7 6. O-O a5 7. Nbd2 a4 8. c3 h6 9. Re1 Ne7 10. Nf1 Bg6 11. Ng3 c5 12. Be3 Nc6 13. h4 a3 14.
bxa3 cxd4 15. cxd4 Bxa3 16. h5 Bh7 17. Bd3 Bxd3 18.
Qxd3 Nb6 19. Rab1 Ra7 20. Nd2 Be7 21. f4 Ra3 22. Rb3 Rxb3 23. axb3 Bh4 24. Bf2 Bxg3 25. Bxg3 O-O 26. Nf3 Ne7 27. Bh4 Qd7 28. g4 Rc8 29. Kh2 Nc6 30. Qd2 Na7 31. g5 hxg5 32. Bxg5 Qb5 33.
Qg2 Qxb3 34. Nd2 Qc2 35. Bf6 Qh7 36. Re3 Rc2 37. Bxg7 Qxh5+ 38. Rh3 Qg6 39. Bf6 Qxg2+ 40. Kxg2 Rxd2+ 41. Kf1 1-0

[Event "Early-Titled-Tuesday-Blitz-July-09-2024"]
[Site "Chess.com"]
[Date "2024.07.09"]
[Round "3"]
[White "Alexchess1984"]
[Black "ninguno46"]
[Result "1/2-1/2"]
[WhiteElo "2799"]
[BlackElo "2564"]
[TimeControl "180+1"]
[EndTime "8:28:42 PDT"]
[Termination "Game drawn by agreement"]

1. e4 d6 2. Nc3 Nf6 3. f4 Nbd7 4.
Nf3 e5 5. Bc4 Be7 6. d3 O-O 7.
a3 c6 8. Ba2 exf4 9. Bxf4 Nb6 10.
O-O d5 11. e5 Ne8 12. d4 Nc7 13. Ne2 Bg4 14. c3 Ne6 15. Bg3 Nc4 16. Qc1 f5 17. Nf4 Nxf4 18. Bxf4 Qd7 19. Nd2 b5 20. Re1 Qe6 21.
Nf1 Bh5 22. Ng3 Bg6 23. Bb1 Rae8 24. Bd3 a5 25. b3 Nb6 26. a4 bxa4 27. bxa4 Nc4 28.
Rb1 Rb8 29. Bxc4 dxc4 30. Qe3 Rb3 31. Rbd1 h6 32. Rd2 Bh7 1/2-1/2

[Event "Early-Titled-Tuesday-Blitz-July-09-2024"]
[Site "Chess.com"]
[Date "2024.07.09"]
[Round "3"]
[White "Sinquefield"]
[Black "PLAYER_2006_M"]
[Result "0-1"]
[WhiteElo "2522"]
[BlackElo "2941"]
[TimeControl "180+1"]
[EndTime "8:28:43 PDT"]
[Termination "PLAYER_2006_M won by resignation"]

1. d4 e6 2. Nf3 b6 3. c3 Bb7 4. Bg5 Be7 5. Bxe7 Qxe7 6. e3 d6 7. Bd3 Nd7 8. Nbd2 Ngf6 9. Qe2 a6 10. O-O O-O 11. e4 e5 12. Rfe1 g6 13. Qe3 Kg7 14.
a4 Rfe8 15. dxe5 Nxe5 16. Nxe5 Qxe5 17. Qg3 Nh5 18. Qxe5+ dxe5 19. Rad1 Nf4 20. Bf1 Rad8 21. g3 Ne6 22. Nc4 f6 23. f3 Nc5 24. a5 b5 25. Ne3 Na4 26. Rxd8 Rxd8 27. Rd1 Rd6 28. Rxd6 cxd6 29. b4 Nxc3 30. Kf2 Na2 31. Nc2 d5 32. Ke3 f5 33. exd5 Bxd5 34. f4 Bb3 35. Kd2 Bxc2 36. Kxc2 Nxb4+ 37. Kb3 Nc6 38. fxe5 Nxe5 39.
Bxb5 axb5 40. Kb4 Nc6+ 41. Kxb5 Nxa5 42. Kxa5 Kf6 43. Kb4 Ke5 44. Kc3 Ke4 45. Kd2 Kf3 46.
Kd3 Kg2 47. Ke3 Kxh2 48. Kf4 h5 49. Kg5 Kxg3 50. Kxg6 f4 51. Kxh5 f3 52. Kg5 f2 53.
Kh5 f1=Q 54. Kg5 Qf7 55. Kh6 Qg8 0-1

[Event "Early-Titled-Tuesday-Blitz-July-09-2024"]
[Site "Chess.com"]
[Date "2024.07.09"]
[Round "3"]
[White "Adrian-thorsen"]
[Black "KhamzinOlzhas"]
[Result "0-1"]
[WhiteElo "2318"]
[BlackElo "2565"]
[TimeControl "180+1"]
[EndTime "8:28:43 PDT"]
[Termination "KhamzinOlzhas won on time"]

1. e4 c5 2. Nf3 d6 3. c3 Nf6 4. h3 g6 5. Bd3 Bg7 6. Bc2 O-O 7. O-O Nc6 8. d4 cxd4 9. cxd4 d5 10.
e5 Ne4 11. Nc3 Bf5 12. g4 Nxc3 13. bxc3 Bxc2 14. Qxc2 Na5 15. Rb1 b6 16. Nd2 Rc8 17. f4 e6 18. Kh2 h5 19. gxh5 gxh5 20. Rg1 Kh8 21. Qd1 Qh4 22. Rg5 Qxf4+ 23. Rg3 h4 24. Qh5+ Kg8 25. Nf1 hxg3+ 26. Nxg3 Qf2+ 27. Kh1 Qxg3 28. Bh6 Qg6 29. Qf3 Qxb1+ 0-1

[Event "Early-Titled-Tuesday-Blitz-July-09-2024"]
[Site "Chess.com"]
[Date "2024.07.09"]
[Round "3"]
[White "montyotto"]
[Black "KubaGepard"]
[Result "0-1"]
[WhiteElo "2424"]
[BlackElo "2648"]
[TimeControl "180+1"]
[EndTime "8:28:44 PDT"]
[Termination "KubaGepard won by resignation"]

1. e4 e5 2. Nc3 Nf6 3. f4 d5 4.
fxe5 Nxe4 5. Qf3 f5 6. d3 Nxc3 7. bxc3 d4 8. Be2 dxc3 9. Qg3 g6 10. h4 Be7 11. Nf3 Nc6 12. h5 Rg8 13. hxg6 hxg6 14. Bg5 Be6 15. Rh7 Qd7 16. Qh4 Bf7 17. Bxe7 Qxe7 18. Ng5 Nd8 19. e6 Nxe6 20. Rxf7 Qxg5 21. Qh7 O-O-O 22. Bf3 Rge8 23. Kf1 Qd2 24. Rb1 b6 25. Kg1 Kb8 26. Bc6 Ng5 27. Qg7 Qe3+ 28. Kh1 Rh8+ 0-1

[Event "Early-Titled-Tuesday-Blitz-July-09-2024"]
[Site "Chess.com"]
[Date "2024.07.09"]
[Round "3"]
[White "Millerkallpa"]
[Black "aanshnerurkar"]
[Result "1-0"]
[WhiteElo "2250"]
[BlackElo "2459"]
[TimeControl "180+1"]
[EndTime "8:28:44 PDT"]
[Termination "Millerkallpa won on time"]

1. e4 c5 2. Nf3 d6 3. c3 Nf6 4. Be2 Nc6 5. d4 cxd4 6. cxd4 Nxe4 7. d5 Qa5+ 8. Nc3 Nxc3 9. bxc3 Ne5 10. O-O Bd7 11.
Nxe5 dxe5 12. Be3 Qc7 13. c4 e6 14. Rb1 b6 15. Bf3 Rc8 16. Qd2 Bc5 17. dxe6 Bxe6 18. Bxc5 Qxc5 19. Rb5 Qc7 20. c5 O-O 21. cxb6 axb6 22. Qb2 Qc2 23. Rxb6 Bxa2 24. h3 Qxb2 25. Rxb2 Bc4 26. Re1 f6 27. Rb7 Rf7 28. Reb1 Rxb7 29. Rxb7 Bd3 30. Bd5+ Kh8 31. Kh2 Rd8 32. Kg3 h6 33. Bc6 Kh7 34. Kf3 Bg6 35. Ke3 Rd3+ 36. Ke2 Rc3 37. Bd7 Rc2+ 38. Ke1 e4 39. Bb5 f5 40.
Rb6 f4 41. Be2 1-0

[Event "Early-Titled-Tuesday-Blitz-July-09-2024"]
[Site "Chess.com"]
[Date "2024.07.09"]
[Round "3"]
[White "MarcoRiehle"]
[Black "DontMessWithTheFish"]
[Result "1-0"]
[WhiteElo "2853"]
[BlackElo "2600"]
[TimeControl "180+1"]
[EndTime "8:28:45 PDT"]
[Termination "MarcoRiehle won by checkmate"]

1. e4 c5 2. a3 g6 3. h4 h5 4. Nc3 Bg7 5. Bc4 Nc6 6. d3 b6 7. Bg5 Bb7 8. Nge2 Nf6 9. Qd2 a6 10. O-O-O b5 11. Ba2 Qa5 12. Kb1 b4 13. axb4 Nxb4 14.
Bb3 d6 15. f3 Rb8 16. Nf4 Nh7 17. Ncd5 Nxg5 18. hxg5 Qd8 19. Nxb4 cxb4 20. g4 h4 21.
Ba4+ Kf8 22. Bb3 e6 23. Bxe6 Qxg5 24. Bb3 Bh6 25. Nxg6+ Qxg6 26. f4 Qxg4 27. Qxb4 Bxf4 28. Rdf1 h3 29. Rhg1 Qh4 30. e5 Bxe5 31. Rxf7+ Ke8 32. Qxh4 Rxh4 33. Rg8# 1-0

[Event "Early-Titled-Tuesday-Blitz-July-09-2024"]
[Site "Chess.com"]
[Date "2024.07.09"]
[Round "3"]
[White "banjadvorovi"]
[Black "prxcess_brownie"]
[Result "1-0"]
[WhiteElo "2425"]
[BlackElo "2219"]
[TimeControl "180+1"]
[EndTime "8:28:45 PDT"]
[Termination "banjadvorovi won on time"]

1. a3 g6 2. d4 Bg7 3. g3 d5 4. Bg2 e6 5. c3 Ne7 6. f4 O-O 7. Nf3 b6 8. O-O Bb7 9. Nbd2 c5 10. Re1 Nd7 11. e4 cxd4 12. Nxd4 dxe4 13. Nxe4 Nc5 14. Nxc5 bxc5 15. Bxb7 Rb8 16. Nc6 Qxd1 17. Nxe7+ Kh8 18. Rxd1 Rxb7 19. Nc6 Rc8 20. Ne5 f6 21. Nf3 e5 22. fxe5 fxe5 23. Rb1 e4 24. Ng5 Re8 25. Be3 h6 26. Nh3 c4 27. Bd4 e3 28. Bxg7+ Kxg7 29. Nf4 e2 30. Re1 g5 31. Nh5+ Kg6 32. g4 Re4 33.
Ng3 Rxg4 34. Rxe2 h5 35. Re4 Rxe4 36. Nxe4 Rb5 37. Nd6 Rc5 38. Rd1 Rc6 39. Rd4 Kf6 40. Nxc4 Kf5 41. b4 h4 42. Nd6+ Kg6 43. c4 Kh5 44. h3 Rc7 45. c5 Re7 46. Re4 Rc7 47. Kf2 a5 48. Ke3 axb4 49. axb4 Ra7 50. Kd4 Ra4 51. Kc4 Ra3 52. c6 1-0

[Event "Early-Titled-Tuesday-Blitz-July-09-2024"]
[Site "Chess.com"]
[Date "2024.07.09"]
[Round "3"]
[White "chessbaerchen"]
[Black "LileKoridze"]
[Result "1-0"]
[WhiteElo "2650"]
[BlackElo "2427"]
[TimeControl "180+1"]
[EndTime "8:28:46 PDT"]
[Termination "chessbaerchen won by resignation"]

1. e4 c5 2. Nf3 d6 3. Bb5+ Nd7 4.
O-O a6 5. Bd3 Ngf6 6. c3 g6 7.
Re1 Bg7 8. a4 b6 9. Bc2 O-O 10.
d4 cxd4 11. cxd4 Bb7 12. Nc3 e6 13. Bf4 Qe7 14. h3 Rac8 15. Qd2 e5 16. Be3 exd4 17.
Bxd4 Nc5 18. e5 dxe5 19. Nxe5 Qc7 20. Rac1 Rfd8 21. Qe3 Re8 22. Bxc5 bxc5 23. Bb3 c4 24. Bxc4 Rxe5 25. Qxe5 Qxc4 26. Ne2 Qxa4 27. Rxc8+ Bxc8 28. Rc1 Be6 29. Nd4 Nd7 30. Nxe6 fxe6 31. Qxe6+ Kh8 32. Qe8+ Nf8 33. Qxa4 1-0

[Event "Early-Titled-Tuesday-Blitz-July-09-2024"]
[Site "Chess.com"]
[Date "2024.07.09"]
[Round "3"]
[White "K_A_S_T_O_R"]
[Black "jaskol95"]
[Result "1-0"]
[WhiteElo "2866"]
[BlackElo "2639"]
[TimeControl "180+1"]
[EndTime "8:28:48 PDT"]
[Termination "K_A_S_T_O_R won by resignation"]

1. e4 d5 2. exd5 Nf6 3. d4 Bg4 4. Be2 Bxe2 5. Qxe2 Nxd5 6. Nf3 e6 7. O-O c6 8. c4 Nf6 9. Bg5 Be7 10. Nc3 Nbd7 11. d5 cxd5 12. cxd5 Nxd5 13. Nxd5 Bxg5 14. Nxg5 Qxg5 15.
Nc7+ Ke7 16. Nxa8 Rxa8 17. Rac1 Qa5 18. Rfd1 Nf6 19. Qf3 Nd5 20. Qg3 Kf8 21. Qd6+ Kg8 22. Qd7 h6 23. Rc8+ Rxc8 24. Qxc8+ Kh7 25. Qxb7 Qxa2 26.
Qxf7 Nf6 27. Re1 a5 28. Qxe6 Qxb2 29. Qf5+ Kg8 30. Qxa5 Kh7 31. Qf5+ Kg8 32. h3 Qd2 33. Qe6+ Kh7 34. Qf5+ Kg8 35. Rb1 Qd6 36. g3 Qc7 37. Qe6+ Kh7 38. Qf5+ Kg8 39. Rd1 Qe7 40. Qg6 Qc7 41.
Re1 Qd7 42. h4 Kf8 43. Qc2 Kg8 44. Qe2 Qh3 45. Qe6+ Kh7 46. Qxh3 1-0

[Event "Early-Titled-Tuesday-Blitz-July-09-2024"]
[Site "Chess.com"]
[Date "2024.07.09"]
[Round "3"]
[White "Rud_Makarian"]
[Black "english_player_89"]
[Result "1-0"]
[WhiteElo "3002"]
[BlackElo "2526"]
[TimeControl "180+1"]
[EndTime "8:28:48 PDT"]
[Termination "Rud_Makarian won by checkmate"]

1. d4 d5 2. Nf3 Nf6 3. c4 c6 4.
Nc3 e6 5. Bg5 Nbd7 6. e3 Qa5 7.
Nd2 dxc4 8. Bxf6 Nxf6 9. Nxc4 Qc7 10. Rc1 Be7 11. g3 O-O 12. Bg2 Bd7 13. O-O Rac8 14.
e4 Rfd8 15. e5 Ne8 16. Qe2 a6 17. Rfd1 Qb8 18. Ne4 Qa7 19. Qe3 b5 20. Na5 Qb6 21. Nb3 Nc7 22. Nbc5 Nd5 23. Qe2 Be8 24. h4 a5 25. Rd3 Nb4 26. Rd2 Nxa2 27. Rcd1 Nb4 28. g4 Nd5 29. g5 b4 30. Qg4 Bxc5 31. dxc5 Qa7 32. h5 a4 33. h6 g6 34. Nd6 Qxc5 35. Bxd5 cxd5 36. Qf4 f5 37. gxf6 Rc7 38. f7+ Rxf7 39. Nxf7 Bxf7 40. Qf6 Qf8 41. Rc1 Ra8 42.
Rc7 a3 43. bxa3 bxa3 44. Ra2 d4 45. Rxa3 Rxa3 46. Rc8 Ra1+ 47. Kg2 Ra8 48. Qg7# 1-0

[Event "Early-Titled-Tuesday-Blitz-July-09-2024"]
[Site "Chess.com"]
[Date "2024.07.09"]
[Round "3"]
[White "bilosuvenosu06"]
[Black "imdarealist"]
[Result "1-0"]
[WhiteElo "2543"]
[BlackElo "2244"]
[TimeControl "180+1"]
[EndTime "8:28:49 PDT"]
[Termination "bilosuvenosu06 won on time"]

1. d4 d5 2. Nf3 Nf6 3. Bf4 e6 4. e3 c5 5. Nbd2 cxd4 6. exd4 Nc6 7. c3 Bd6 8. Bxd6 Qxd6 9. Bd3 O-O 10. Qe2 Re8 11.
Ne5 a6 12. a4 Bd7 13. O-O Rec8 14. f4 Be8 15. g4 Nd7 16. g5 g6 17. h4 f6 18.
gxf6 Nxf6 19. Kh2 Kh8 20. Rg1 Nh5 21. Raf1 Ne7 22. Rg5 Nf5 23. Bxf5 exf5 24. Nd3 Bxa4 25. Qe5+ Qxe5 26. Nxe5 Re8 27. Rf2 Rac8 28. Nf1 Kg7 29. Ne3 Bc6 30. Nxf5+ Kf6 31. Nd6 Rf8 32. Nxc8 Rxc8 33. f5 1-0

[Event "Early-Titled-Tuesday-Blitz-July-09-2024"]
[Site "Chess.com"]
[Date "2024.07.09"]
[Round "3"]
[White "Baronessa08"]
[Black "SujanaLohani"]
[Result "1-0"]
[WhiteElo "2599"]
[BlackElo "2368"]
[TimeControl "180+1"]
[EndTime "8:28:50 PDT"]
[Termination "Baronessa08 won by resignation"]

1. c4 Nf6 2. Nc3 d5 3. cxd5 Nxd5 4. g3 g6 5. Bg2 Nb6 6. d4 Bg7 7. Nf3 O-O 8. O-O Nc6 9. e3 e5 10. d5 Nb4 11. e4 h6 12. a3 Na6 13. b4 Bg4 14. Qb3 Kh7 15. Be3 f5 16. b5 Nb8 17. exf5 gxf5 18. Nh4 N8d7 19. h3 Bh5 20.
Nxf5 Rxf5 21. g4 Bxg4 22. hxg4 Rf8 23. Ne4 Qh4 24. g5 Rf5 25. Ng3 Rff8 26. Qc2+ Kh8 27. Qg6 hxg5 28. Bxg5 Qh7 29. Qxh7+ Kxh7 30. Be4+ Kh8 31.
Kg2 Nf6 32. Rh1+ Kg8 33. Bf5 Nbxd5 34. Be6+ Rf7 35. Rad1 c6 36. Nf5 Ne4 37. Bh6 Bh8 38. Rh4 Nc5 39. Rg4+ Kh7 40. Bxf7 1-0

[Event "Early-Titled-Tuesday-Blitz-July-09-2024"]
[Site "Chess.com"]
[Date "2024.07.09"]
[Round "3"]
[White "Aryan_Tamadon"]
[Black "stepanosinovsky"]
[Result "1-0"]
[WhiteElo "2590"]
[BlackElo "2351"]
[TimeControl "180+1"]
[EndTime "8:28:51 PDT"]
[Termination "Aryan_Tamadon won by resignation"]

1. b3 Nf6 2. Bb2 g6 3. g3 Bg7 4. Bg2 O-O 5. e3 d6 6. Ne2 e5 7. O-O Re8 8. c4 Nc6 9. Nbc3 h5 10. h3 a5 11. a3 e4 12. f4 Bf5 13. Qc2 Qd7 14. Kh2 Rad8 15. Nd1 d5 16. c5 Qe6 17. Bc3 d4 18. Nxd4 Nxd4 19. Bxd4 Rxd4 20. exd4 e3 21. Qc3 e2 22. Re1 exd1=Q 23. Rxe6 Qc2 24. Rxe8+ Nxe8 25. Re1 Nf6 26. Bxb7 Qd3 27. Qxd3 Bxd3 28. b4 axb4 29.
axb4 Bf8 30. d5 Bc4 31. d6 cxd6 32. c6 Nd5 33. Rc1 Bb5 34. c7 Nxc7 35. Rxc7 d5 36. Bxd5 1-0

[Event "Early-Titled-Tuesday-Blitz-July-09-2024"]
[Site "Chess.com"]
[Date "2024.07.09"]
[Round "3"]
[White "arenal72"]
[Black "Iball95"]
[Result "1/2-1/2"]
[WhiteElo "2715"]
[BlackElo "2920"]
[TimeControl "180+1"]
[EndTime "8:28:53 PDT"]
[Termination "Game drawn by agreement"]

1. Nf3 c5 2. g3 Nf6 3. Bg2 d5 4. O-O Nc6 5. d4 e6 6. a3 a5 7.
Bg5 Be7 8. dxc5 Bxc5 9. Nbd2 h6 10. Bxf6 Qxf6 11. c4 O-O 12. cxd5 exd5 13. Nb3 Ba7 14.
Qd2 Bg4 15. h3 Be6 16. Rac1 Rfd8 17. Nc5 Bxc5 18. Rxc5 d4 19. Rd1 Rd7 20. Qf4 Qe7 21. Rcc1 Rad8 22. Kh2 Bd5 23. Rd2 a4 24. h4 Be6 25.
Ne5 Nxe5 26. Qxe5 Bg4 27. Qxe7 Rxe7 28. Bf1 g6 29. Rc4 b5 30. Rcxd4 Rxd4 31. Rxd4 Bxe2 32. Kg2 Kg7 33. Bxe2 Rxe2 34. Rb4 Re5 35. b3 axb3 36. Rxb3 1/2-1/2

[Event "Early-Titled-Tuesday-Blitz-July-09-2024"]
[Site "Chess.com"]
[Date "2024.07.09"]
[Round "3"]
[White "eljanov"]
[Black "ccccvhhhj"]
[Result "1-0"]
[WhiteElo "2915"]
[BlackElo "2518"]
[TimeControl "180+1"]
[EndTime "8:28:53 PDT"]
[Termination "eljanov won by resignation"]

1. d4 e5 2. dxe5 d6 3. Nf3 Bg4 4. h3 Bh5 5. g4 Bg6 6. Bg2 Nc6 7.
exd6 Bxd6 8. O-O Qe7 9. Qd5 O-O-O 10. Qb5 Bc5 11. Nc3 Nf6 12. Bg5 h5 13. gxh5 Rxh5 14. h4 Qe6 15. Qxc5 Rdh8 16. Qe3 Qg4 17. Qf4 Qe6 18.
Rfd1 Nd7 19. Nd5 Nde5 20. Nxe5 Nxe5 21. Ne7+ Kb8 22. Qb4 c6 23. Nxg6 Nxg6 24. Rd6 Qf5 25. Rxc6 Nxh4 26. Qf4+ Qxf4 27. Bxf4+ Ka8 28. Rc7 Ng6 29.
Bg3 Ne5 30. Bxe5 Rxe5 31. Rxb7 1-0

[Event "Early-Titled-Tuesday-Blitz-July-09-2024"]
[Site "Chess.com"]
[Date "2024.07.09"]
[Round "3"]
[White "FollowRivers"]
[Black "AEMEffi"]
[Result "1-0"]
[WhiteElo "2521"]
[BlackElo "2316"]
[TimeControl "180+1"]
[EndTime "8:28:54 PDT"]
[Termination "FollowRivers won by resignation"]

1. e4 d5 2. exd5 Qxd5 3. Nc3 Qd6 4. d4 Nf6 5. Bc4 e6 6. Nf3 a6 7. Qe2 b5 8. Bb3 Bb7 9. Bg5 Nbd7 10. O-O-O b4 11. d5 e5 12. Ne4 Nxe4 13. Qxe4 f6 14. Be3 a5 15. Ba4 O-O-O 16. Qc4 Nb6 17. Bxb6 Qxb6 18. Bc6 Bxc6 19. dxc6 Bd6 20. Rd5 e4 21. Rb5 Bf4+ 22. Kb1 exf3 23. Rxb6 cxb6 24. Qxf4 fxg2 25. Qg4+ Kc7 26. Qxg2 g5 27. b3 Rd6 28. Re1 Rxc6 29. Re7+ Kd6 30. Qe4 1-0

[Event "Early-Titled-Tuesday-Blitz-July-09-2024"]
[Site "Chess.com"]
[Date "2024.07.09"]
[Round "3"]
[White "Dr_Pepper18"]
[Black "johnmez"]
[Result "1-0"]
[WhiteElo "2445"]
[BlackElo "2242"]
[TimeControl "180+1"]
[EndTime "8:28:54 PDT"]
[Termination "Dr_Pepper18 won on time"]

1. d4 Nf6 2. c4 e6 3. Nc3 Bb4 4. a3 Bxc3+ 5. bxc3 Nc6 6. f3 O-O 7. e4 b6 8. Bd3 Na5 9. Bg5 h6 10. Bh4 g5 11. Bf2 Ba6 12. Qe2 Qe7 13. h4 Nh7 14. e5 f5 15. exf6 Qxf6 16. hxg5 Nxg5 17. Nh3 Rf7 18.
Be3 Rg7 19. Nf2 d5 20. Ng4 Qe7 21. cxd5 Bxd3 22. Qxd3 exd5 23. Nxh6+ Kf8 24. Nf5 Qf6 25.
Nxg7 Kxg7 26. Bxg5 Qxg5 27. Kf2 Rg8 28. Rae1 Kf8 29.
g4 Nc4 30. Rh5 1-0

[Event "Early-Titled-Tuesday-Blitz-July-09-2024"]
[Site "Chess.com"]
[Date "2024.07.09"]
[Round "3"]
[White "JAN2404"]
[Black "AlexZambrano"]
[Result "0-1"]
[WhiteElo "2059"]
[BlackElo "2409"]
[TimeControl "180+1"]
[EndTime "8:28:54 PDT"]
[Termination "AlexZambrano won on time"]

1. e4 e5 2. Nc3 Nc6 3. Bc4 Bc5 4.
Qg4 Bf8 5. Qf3 Nf6 6. Nge2 g6 7. d3 Bg7 8. Bg5 h6 9. Bxf6 Qxf6 10. Nd5 Qxf3 11. gxf3 Kd8 12. O-O-O Rf8 13. f4 d6 14. fxe5 Nxe5 15. f4 Nxc4 16. dxc4 c6 17. Ne3 Kc7 18. f5 Be5 19. Ng4 gxf5 20. exf5 Bxf5 21. Nxe5 dxe5 22.
Ng3 Be6 23. Rhe1 f6 24. Re4 Rad8 25. Rf1 c5 26. Rh4 f5 27. Rxh6 Bxc4 28. Rxf5 Rfe8 29.
b3 Bd5 30. Rhh5 Kd6 31. c4 Bc6 32. Rh6+ Kc7 33. h4 e4 34. Rh7+ Kb6 35. Ne2 e3 36. Rg7 Rd2 37. Nc3 e2 38. Kxd2 e1=Q+ 39. Kc2 Be4+ 0-1